 Dungeon Crawl Stone Soup version 0.28-a0-804-g60983d4ba9 (webtiles) character file.

Game seed: 4009201176158582933

58 vurker the Gusty (level 3, 0/15 HPs)
             Began as a Felid Air Elementalist on Nov 7, 2021.
             Slain by Natasha (3 damage)
             ... on level 2 of the Dungeon.
             The game lasted 00:01:50 (1783 turns).

vurker the Gusty (Felid Air Elementalist)           Turns: 1783, Time: 00:01:50

Health: 0/15       AC:  1    Str:  4    XL:     3   Next: 75%
Magic:  2/7        EV: 17    Int: 17    God:
Gold:   71         SH:  0    Dex: 16    Spells: 6/7 levels left
                                        Lives:  0   Deaths: 0

rFire   . . .      SeeInvis +   (weapon unavailable)
rCold   . . .      Faith    .   (shield unavailable)
rNeg    . . .      Spirit   .   (armour unavailable)
rPois   .          Reflect  .   (helmet unavailable)
rElec   .          Harm     .   (cloak unavailable)
rCorr   .          Rampage  .   (gloves unavailable)
Will    .....                   (boots unavailable)
Stlth   ++........              (no amulet)
HPRegen 0.05/turn               (no ring)
MPRegen 0.10/turn               (no ring)

@: quick
A: very small, claws 1, fangs 3, see invisible, speed 1, shaggy fur 1, stealthy
paws, no weapons or thrown items, no armour, multi-lived
a: no special abilities


You were on level 2 of the Dungeon.
You visited 1 branch of the dungeon, and saw 2 of its levels.

You collected 71 gold pieces.

Inventory:

Scrolls
 d - a scroll of teleportation {unknown}
 e - 2 scrolls of enchant armour {unknown}
Potions
 a - 3 potions of curing {unknown}
 b - a potion of ambrosia {unknown}
 c - a potion of attraction {unknown}
 f - 2 potions of haste {unknown}
 g - a potion of cancellation {unknown}
 h - a potion of heal wounds {unknown}
 i - a potion of lignification {unknown}


   Skills:
 + Level 1.2 Fighting
 - Level 2.6 Dodging
 - Level 2.6 Stealth
 * Level 2.6 Spellcasting
 + Level 1.5 Conjurations
 * Level 3.3 Air Magic


You had 6 spell levels left.
You knew the following spells:

 Your Spells              Type           Power      Damage    Failure   Level
a - Shock                 Conj/Air       40%        1d5       7%          1

Your spell library contained the following spells:

 Spells                   Type           Power      Damage    Failure   Level
 Static Discharge         Conj/Air       10%        N/A       10%         2
 Swiftness                Air            13%        N/A       14%         3
 Airstrike                Air            6%         N/A       41%         4
 Borgnjor's Revivificati  Necr           1%         N/A       100%        8
 Necromutation            Tmut/Necr      1%         N/A       100%        8
 Death's Door             Necr           1%         N/A       100%        9


Dungeon Overview and Level Annotations

Branches:
Dungeon (2/15)

Altars:

Annotations:
D:2 Natasha


Innate Abilities, Weirdness & Mutations

You have sharp claws.
You have razor-sharp teeth.
You have supernaturally acute eyesight. (SInv)
You cover ground quickly. (Speed+)
You are covered in fur. (AC +1)
Your paws help you pounce on unaware monsters.
You are incapable of wielding weapons or throwing items.
You cannot wear armour.
You gain extra lives every three experience levels.


Message History

You kill Natasha!
Natasha screams in fury as she dies!
Your Fighting skill increases to level 1!
Your magical contamination has completely faded away.
A kobold comes into view. It is wielding a +0 club.
A kobold is nearby!
Aim: a kobold, wielding a +0 club (60% to hit)
You miscast Shock.
You are very lightly contaminated with residual magic.
Nothing appears to happen.
Natasha, Servant of Life and Death comes into view.
You can't see any susceptible monsters within range! (Use Z to cast anyway.)
A kobold is nearby!
Aim: a kobold, wielding a +0 club (60% to hit)
The zap hits the kobold.
Your magical contamination has completely faded away.
The zap misses the kobold.
The zap hits the kobold.
You kill the kobold!
You see here a +0 club.
Found a stone staircase leading up.
There is a stone staircase leading up here.
Found a plate armour.
You see here a +0 plate armour.
Natasha is nearby!
Natasha is nearby!
Aim: Natasha (wandering, hasn't noticed you, 60% to hit)
The zap hits Natasha.
Natasha hisses angrily.
Natasha casts a spell.
Natasha casts a spell at you. The magic dart hits you.
You start resting.
Natasha is nearby!
Aim: Natasha (lightly wounded, 60% to hit)
The zap hits Natasha.
Unknown command.
Natasha is nearby!
Aim: Natasha (moderately wounded, 60% to hit)
The zap hits Natasha.
Natasha casts a spell at you. The magic dart hits you!
* * * LOW HITPOINT WARNING * * *
Aim: Natasha (moderately wounded, 60% to hit)
The zap hits Natasha.
Aim: Natasha (moderately wounded, 60% to hit)
The zap misses Natasha.
The zap hits Natasha.
Unknown command.
Aim: Natasha (heavily wounded, 60% to hit)
The zap misses Natasha.
The zap hits Natasha.
Natasha claws you.
You die...

.#..####................###.#
...#####.##............##...#
..............##..#....[...##
.........######.......####.##
.........# #.#...### #..#
.........# #......# ##.#
.........######...#..# #.#
.........#......h....# #.#
................@....### #<##
...................#...## #..#
.####........###...###..####.#
.#.................####....#.##
......##.#...##)##..# ####....#
.#.......#...##.###.# ###..#
...###.......#..# #.# ##..#
.###...#####...####.##### ...#
.#...### ##...........# ...#


You could see Natasha.

Vanquished Creatures
  Natasha (D:2)
  A dart slug (D:1)
  4 ball pythons (D:1)
  2 bats (D:1)
  6 endoplasms
  A goblin (D:2)
  4 jackals (D:1)
  3 quokkas
  2 frilled lizards
  2 kobolds
  3 rats
29 creatures vanquished.

Notes
Turn   | Place    | Note
-------+----------+-------------------------------------------
     0 | D:1      | vurker the Felid Air Elementalist began the quest for the
                  | Orb.
     0 | D:1      | Reached XP level 1. HP: 7/7 MP: 4/4
   141 | D:1      | Reached skill level 1 in Conjurations
   197 | D:1      | Reached XP level 2. HP: 5/12 MP: 0/6
   536 | D:1      | Reached skill level 3 in Air Magic
  1180 | D:1      | Found a faded altar of an unknown god.
  1180 | D:1      | Noticed a ynoxinul
  1229 | D:2      | Reached XP level 3. HP: 15/15 MP: 4/7
  1481 | D:2      | Noticed Natasha
  1493 | D:2      | Killed Natasha
  1494 | D:2      | Reached skill level 1 in Fighting
  1683 | D:2      | Noticed Natasha
  1783 | D:2      | Slain by Natasha

Illustrated notes

Levels and vault maps discovered:
D:1:      grunt_arrival_crossed_arrows, layout_loops_ring,
          dreamdust_ecumenical_altar_sealed_demon
D:2:      layout_rooms, uniq_natasha

Skill      XL: |  1  2  3 |
---------------+----------+-----
Conjurations   | 1 |  1.5
Air Magic      | 3 |  3.3
Fighting       | 1 |  1.2
Dodging        | |  2.6
Stealth        | |  2.6
Spellcasting   | |  2.6

Action                   || total
-------------------------++-------
Melee: Unarmed           ||     2
       Bite              ||     1
 Cast: Shock             ||    62
Armor: Skin              ||     1
Dodge: Dodged            ||     2

Table legend: (Time is in decaauts)
 A = Elapsed time spent in this place.
 B = Non-inter-level travel time spent in this place.
 C = Inter-level travel time spent in this place.
 D = Time resting spent in this place.
 E = Time spent auto-exploring this place.
 F = Levels seen in this place.
 G = Mean time per level.
                   A        B        C        D        E       F      G
               +--------+--------+--------+--------+--------+-----+--------+
         Total |   1596 |   1581 |     15 |      2 |   1390 |   2 |  798.0 |
       Dungeon |   1596 |   1581 |     15 |      2 |   1390 |   2 |  798.0 |
               +--------+--------+--------+--------+--------+-----+--------+

Top non-repeatable levels by time:
     D:1: 1087 daAuts
     D:2: 509 daAuts
